FCL
FCL JACKSONVILLE BOMBERS @ FCL PHILADELPHIA PHILLIES
06/04/2042
 
TOP OF THE 1ST
FCL Jacksonville Bombers batting - Pitching for FCL Philadelphia Phillies : RHP Kevin Milman
Pitching: RHP Kevin Milman
Batting: RHB Dave Johnson 0-0: Fly out, F9 (Flyball, 9, EV 98.8 MPH)
Batting: LHB Mike White 0-0: Called Strike
0-1: Foul Ball, location: 2F
0-2: Ball
1-2: Ball
2-2: Strikes out looking
Batting: RHB Waylon Evans 0-0: Ball
1-0: Called Strike
1-1: SOLO HOME RUN (Flyball, 7LD, EV 95.0 MPH), Distance : 351 ft
Batting: LHB Phil Green 0-0: Called Strike
0-1: DOUBLE (Line Drive, 8RD, EV 100.0 MPH)
Batting: RHB Sojuro Maeda 0-0: Ball
1-0: Swinging Strike
1-1: Ball
2-1: Fly out, F7 (Flyball, 7, EV 91.9 MPH)
Top of the 1st over - 1 run, 2 hits, 0 errors, 1 left on base; FCL Jacksonville 1 - FCL Philadelphia 0
BOTTOM OF THE 1ST
FCL Philadelphia Phillies batting - Pitching for FCL Jacksonville Bombers : RHP Jeff Austin
Pitching: RHP Jeff Austin
Batting: RHB Stan Newhouse 0-0: Called Strike
0-1: Ball
1-1: Called Strike
1-2: Ball
2-2: Ground out 6-3 (Groundball, 6, EV 89.4 MPH)
Batting: RHB Jimmy Anderson 0-0: Ball
1-0: SINGLE (Groundball, 6MD, EV 103.1 MPH)
Batting: RHB Ken Smith 0-0: Ball
1-0: Reached on error, E6 (Groundball, 6, EV 90.0 MPH)
Jimmy Anderson to second
Batting: RHB Johnny Love 0-0: Called Strike
0-1: Foul Ball, location: 5FF
0-2: Ball
1-2: Ball
2-2: Foul Ball, location: 5FF
2-2: Ball
3-2: Base on Balls
Jimmy Anderson to third
Ken Smith to second
Batting: SHB Mike Bell 0-0: Ball
1-0: Ball
2-0: Swinging Strike
2-1: Swinging Strike
2-2: Strikes out swinging
Batting: RHB Micheal Oliver 0-0: Ball
1-0: Swinging Strike
1-1: Foul Ball, location: 2F
1-2: Ball
2-2: Ball
3-2: Strikes out looking
Bottom of the 1st over - 0 runs, 1 hit, 1 error, 3 left on base; FCL Jacksonville 1 - FCL Philadelphia 0
TOP OF THE 2ND
FCL Jacksonville Bombers batting - Pitching for FCL Philadelphia Phillies : RHP Kevin Milman
Batting: RHB Pete Mullins 0-0: Swinging Strike
0-1: Swinging Strike
0-2: Ball
1-2: Ball
2-2: Foul Ball, location: 9LMFF
2-2: Strikes out swinging
Batting: RHB Mike Smith 0-0: Swinging Strike
0-1: Foul Ball, location: 2F
0-2: Ball
1-2: Strikes out swinging
Batting: RHB José Menéndez 0-0: Ball
1-0: Ball
2-0: Ball
3-0: Base on Balls
Batting: RHB Jim Unknown 0-0: Foul Ball, location: 7LSF
0-1: Ball
1-1: Swinging Strike
1-2: Strikes out swinging
Top of the 2nd over - 0 runs, 0 hits, 0 errors, 1 left on base; FCL Jacksonville 1 - FCL Philadelphia 0
BOTTOM OF THE 2ND
FCL Philadelphia Phillies batting - Pitching for FCL Jacksonville Bombers : RHP Jeff Austin
Batting: RHB Curt Singleton 0-0: Swinging Strike
0-1: Called Strike
0-2: Foul Ball, location: 2LF
0-2: Ball
1-2: Ball
2-2: Strikes out swinging
Batting: RHB Jim Unknown 0-0: Ball
1-0: Swinging Strike
1-1: Swinging Strike
1-2: Ball
2-2: Ball
3-2: Foul Ball, location: 2F
3-2: Base on Balls
Batting: LHB Jim Unknown 0-0: Called Strike
0-1: Called Strike
Jim Unknown steals 2nd base
0-2: Ball
1-2: Ball
2-2: Ball
3-2: Foul Ball, location: 9LSF
3-2: Strikes out looking
Batting: RHB Stan Newhouse 0-0: Foul Ball, location: 9LMF
0-1: Ball
1-1: Swinging Strike
1-2: Strikes out swinging
Bottom of the 2nd over - 0 runs, 0 hits, 0 errors, 1 left on base; FCL Jacksonville 1 - FCL Philadelphia 0
TOP OF THE 3RD
FCL Jacksonville Bombers batting - Pitching for FCL Philadelphia Phillies : RHP Kevin Milman
Batting: RHB Dave Johnson 0-0: Ball
1-0: Ball
2-0: Ball
3-0: Ground out 4-3 (Groundball, 4, EV 98.8 MPH)
Batting: LHB Mike White 0-0: Called Strike
0-1: Ball
1-1: Called Strike
1-2: Fly out, F9 (Flyball, 9, EV 94.4 MPH)
Batting: RHB Waylon Evans 0-0: Ball
1-0: Called Strike
1-1: Ball
2-1: Ground out 5-3 (Groundball, 5, EV 86.9 MPH)
Top of the 3rd over - 0 runs, 0 hits, 0 errors, 0 left on base; FCL Jacksonville 1 - FCL Philadelphia 0
BOTTOM OF THE 3RD
FCL Philadelphia Phillies batting - Pitching for FCL Jacksonville Bombers : RHP Jeff Austin
Batting: RHB Jimmy Anderson 0-0: Ball
1-0: Called Strike
1-1: Ground out 4-3 (Groundball, 4S, EV 81.3 MPH)
Batting: RHB Ken Smith 0-0: Ball
1-0: Ball
2-0: Ball
3-0: Base on Balls
Batting: RHB Johnny Love 0-0: Swinging Strike
0-1: Called Strike
0-2: Strikes out looking
Batting: SHB Mike Bell 0-0: Ball
1-0: Ball
2-0: Swinging Strike
2-1: Ball
3-1: Base on Balls
Ken Smith to second
Batting: RHB Micheal Oliver 0-0: Called Strike
0-1: Swinging Strike
0-2: Ball
1-2: Ball
2-2: Strikes out swinging
Bottom of the 3rd over - 0 runs, 0 hits, 0 errors, 2 left on base; FCL Jacksonville 1 - FCL Philadelphia 0
TOP OF THE 4TH
FCL Jacksonville Bombers batting - Pitching for FCL Philadelphia Phillies : RHP Kevin Milman
Batting: LHB Phil Green 0-0: Ball
1-0: Ball
2-0: Ball
3-0: Base on Balls
Batting: RHB Sojuro Maeda 0-0: Ball
Phil Green is caught stealing 2nd base 2-4
1-0: Foul Ball, location: 9LMF
1-1: Ground out 6-3 (Groundball, 6, EV 110.0 MPH)
Batting: RHB Pete Mullins 0-0: Foul Ball, location: 2F
0-1: Ball
1-1: Foul Ball, location: 2F
1-2: Strikes out swinging
Top of the 4th over - 0 runs, 0 hits, 0 errors, 0 left on base; FCL Jacksonville 1 - FCL Philadelphia 0
BOTTOM OF THE 4TH
FCL Philadelphia Phillies batting - Pitching for FCL Jacksonville Bombers : RHP Jeff Austin
Batting: RHB Curt Singleton 0-0: Ball
1-0: Foul Ball, location: 2LF
1-1: Called Strike
1-2: Strikes out swinging
Batting: RHB Jim Unknown 0-0: Called Strike
0-1: Ball
1-1: Ball
2-1: Foul Ball, location: 25FF
2-2: Strikes out looking
Batting: LHB Jim Unknown 0-0: Ball
1-0: Ball
2-0: Ball
3-0: SINGLE (Flyball, 3D, EV 97.5 MPH)
Pitching: RHP Luis Ojeda
Batting: RHB Stan Newhouse 0-0: Ball
1-0: DOUBLE (Flyball, 89D, EV 106.9 MPH)
Jim Unknown to third
Runner from 3rd tries for Home, SAFE, throw by RF to trailing runner, OUT at third! 9-3-5
Bottom of the 4th over - 1 run, 2 hits, 0 errors, 0 left on base; FCL Jacksonville 1 - FCL Philadelphia 1
TOP OF THE 5TH
FCL Jacksonville Bombers batting - Pitching for FCL Philadelphia Phillies : RHP Kevin Milman
Batting: RHB Mike Smith 0-0: Called Strike
0-1: Swinging Strike
0-2: Strikes out looking
Batting: RHB José Menéndez 0-0: Ball
1-0: Ball
2-0: Called Strike
2-1: Swinging Strike
2-2: Strikes out swinging
Batting: RHB Jim Unknown 0-0: Called Strike
0-1: Ball
1-1: Swinging Strike
1-2: Strikes out swinging
Top of the 5th over - 0 runs, 0 hits, 0 errors, 0 left on base; FCL Jacksonville 1 - FCL Philadelphia 1
BOTTOM OF THE 5TH
FCL Philadelphia Phillies batting - Pitching for FCL Jacksonville Bombers : RHP Luis Ojeda
Batting: RHB Jimmy Anderson 0-0: Ground out 5-3 (Groundball, 56S, EV 91.9 MPH)
Batting: RHB Ken Smith 0-0: Called Strike
0-1: Foul Ball, location: 25F
0-2: Foul Ball, location: 2F
0-2: Ball
1-2: Foul Ball, location: 2F
1-2: Foul Ball, location: 7LDF
1-2: Ball
2-2: Strikes out swinging
Batting: RHB Johnny Love 0-0: Ball
1-0: Foul Ball, location: 2F
1-1: Ball
2-1: Ball
3-1: Base on Balls
Batting: SHB Mike Bell 0-0: Ball
1-0: Ball
2-0: Called Strike
2-1: Swinging Strike
2-2: Strikes out swinging
Bottom of the 5th over - 0 runs, 0 hits, 0 errors, 1 left on base; FCL Jacksonville 1 - FCL Philadelphia 1
TOP OF THE 6TH
FCL Jacksonville Bombers batting - Pitching for FCL Philadelphia Phillies : RHP Kevin Milman
Batting: RHB Dave Johnson 0-0: Ball
1-0: DOUBLE (Groundball, 5L, EV 109.4 MPH)
Batting: LHB Mike White 0-0: Ball
1-0: Foul Ball, location: 5DF
1-1: Ball
2-1: Ball
3-1: Base on Balls
Pitching: LHP Jim Unknown
Batting: RHB Waylon Evans 0-0: Ball
1-0: DOUBLE (Flyball, 78XD, EV 98.8 MPH)
Dave Johnson scores
Mike White to third
Batting: LHB Phil Green 0-0: Ball
1-0: Ball
2-0: Ball
3-0: Called Strike
3-1: Base on Balls
Batting: RHB Sojuro Maeda 0-0: Foul Ball, location: 5DF
0-1: Ball
1-1: Grounds into fielders choice 4-2 (Groundball, 4S, EV 90.0 MPH)
Waylon Evans to third
Phil Green to second
Batting: RHB Pete Mullins 0-0: Ball
1-0: Ball
2-0: Called Strike
2-1: Ball
3-1: Foul Ball, location: 5F
3-2: Grounds into fielders choice 4-2 (Groundball, 4S, EV 73.1 MPH)
Phil Green to third
Sojuro Maeda to second
Batting: RHB Mike Smith 0-0: Ball
1-0: Foul Ball, location: 5F
1-1: Swinging Strike
1-2: Ball
2-2: Foul Ball, location: 5FF
2-2: Strikes out swinging
Top of the 6th over - 1 run, 2 hits, 0 errors, 3 left on base; FCL Jacksonville 2 - FCL Philadelphia 1
BOTTOM OF THE 6TH
FCL Philadelphia Phillies batting - Pitching for FCL Jacksonville Bombers : RHP Luis Ojeda
Pinch Hitting: LHB Jim Unknown 0-0: Fly out, F6 (Popup, 6M, EV 69.4 MPH)
Pinch Hitting: RHB Jim Unknown 0-0: Fly out, F7 (Flyball, 7S, EV 92.5 MPH)
Batting: RHB Jim Unknown 0-0: DOUBLE (Flyball, 8RXD, EV 95.6 MPH)
Batting: LHB Jim Unknown 0-0: Ball
1-0: Ball
2-0: Fly out, F8 (Flyball, 8RM, EV 81.9 MPH)
Bottom of the 6th over - 0 runs, 1 hit, 0 errors, 1 left on base; FCL Jacksonville 2 - FCL Philadelphia 1
TOP OF THE 7TH
FCL Jacksonville Bombers batting - Pitching for FCL Philadelphia Phillies : LHP Jim Unknown
Now at 1B: Jim Unknown
Now in LF: Jim Unknown
Batting: RHB José Menéndez 0-0: Ball
1-0: Ground out 5-3 (Groundball, 56, EV 85.0 MPH)
Batting: RHB Jim Unknown 0-0: Ball
1-0: Ball
2-0: Ball
3-0: Base on Balls
Batting: RHB Dave Johnson 0-0: Ball
1-0: Ball
2-0: Foul Ball, location: 2F
2-1: Ball
3-1: Swinging Strike
3-2: Strikes out looking
Pinch Hitting: RHB Tony Payne 0-0: Fielders Choice at 2nd, 6-4 (Groundball, 6, EV 86.3 MPH)
Top of the 7th over - 0 runs, 0 hits, 0 errors, 1 left on base; FCL Jacksonville 2 - FCL Philadelphia 1
BOTTOM OF THE 7TH
FCL Philadelphia Phillies batting - Pitching for FCL Jacksonville Bombers : RHP Luis Ojeda
Now at 1B: Ted Hall
Batting: RHB Stan Newhouse 0-0: Ball
1-0: Called Strike
1-1: Foul Ball, location: 2F
1-2: Strikes out swinging
Batting: RHB Jimmy Anderson 0-0: Ball
1-0: Foul Ball, location: 5F
1-1: Ball
2-1: Called Strike
2-2: Ball
3-2: Strikes out swinging
Batting: SHB Jim Unknown 0-0: Fly out, F7 (Flyball, 7D, EV 86.3 MPH)
Bottom of the 7th over - 0 runs, 0 hits, 0 errors, 0 left on base; FCL Jacksonville 2 - FCL Philadelphia 1
TOP OF THE 8TH
FCL Jacksonville Bombers batting - Pitching for FCL Philadelphia Phillies : LHP Jim Unknown
Batting: RHB Waylon Evans 0-0: Called Strike
0-1: Ball
1-1: Foul Ball, location: 5F
1-2: Ball
2-2: SOLO HOME RUN (Flyball, 78XD, EV 106.3 MPH), Distance : 410 ft
Batting: LHB Phil Green 0-0: Ball
1-0: Swinging Strike
1-1: Foul Ball, location: 3FF
1-2: Strikes out swinging
Batting: RHB Sojuro Maeda 0-0: Ball
1-0: Ball
2-0: SINGLE (Line Drive, 6MD, EV 98.8 MPH)
Pitching: RHP Jim Unknown
Pinch Hitting: LHB Curt Tucker 0-0: Swinging Strike
0-1: Fly out, F7 (Line Drive, 7, EV 108.8 MPH)
Batting: LHB Dax Brown 0-0: Called Strike
0-1: Ball
1-1: Swinging Strike
1-2: Strikes out swinging
Top of the 8th over - 1 run, 2 hits, 0 errors, 1 left on base; FCL Jacksonville 3 - FCL Philadelphia 1
BOTTOM OF THE 8TH
FCL Philadelphia Phillies batting - Pitching for FCL Jacksonville Bombers : RHP Luis Ojeda
Now at 2B: Juan Gallegos
Batting: RHB Johnny Love 0-0: Swinging Strike
0-1: Ground out 5-3 (Groundball, 56, EV 81.3 MPH)
Batting: SHB Mike Bell 0-0: Ball
1-0: Called Strike
1-1: Foul Ball, location: 2F
1-2: Foul Ball, location: 7LMFF
1-2: Ball
2-2: Strikes out swinging
Batting: LHB Jim Unknown 0-0: Called Strike
0-1: Ball
1-1: Foul Ball, location: 3DF
1-2: Ball
2-2: Foul Ball, location: 9LSF
2-2: Strikes out swinging
Bottom of the 8th over - 0 runs, 0 hits, 0 errors, 0 left on base; FCL Jacksonville 3 - FCL Philadelphia 1
TOP OF THE 9TH
FCL Jacksonville Bombers batting - Pitching for FCL Philadelphia Phillies : RHP Jim Unknown
Batting: RHB José Menéndez 0-0: Called Strike
0-1: Ball
1-1: Foul Ball, location: 3DF
1-2: Strikes out swinging
Batting: RHB Jim Unknown 0-0: Ground out 5-3 (Groundball, 56S, EV 65.0 MPH)
Pinch Hitting: LHB Tyrone García 0-0: Ball
1-0: Fly out, F5 (Popup, 5SF, EV 78.1 MPH)
Top of the 9th over - 0 runs, 0 hits, 0 errors, 0 left on base; FCL Jacksonville 3 - FCL Philadelphia 1
BOTTOM OF THE 9TH
FCL Philadelphia Phillies batting - Pitching for FCL Jacksonville Bombers : RHP Luis Ojeda
Pitching: RHP Sean Massey
Now in LF: Víctor Ríos
Pinch Hitting: RHB Jim Unknown 0-0: Swinging Strike
0-1: Swinging Strike
0-2: Foul Ball, location: 25F
0-2: Ball
1-2: Foul Ball, location: 3F
1-2: Strikes out swinging, 2-3 out at first.
Batting: RHB Jim Unknown 0-0: Ball
1-0: Called Strike
1-1: Foul Ball, location: 9LDF
1-2: Ball
2-2: Strikes out looking
Batting: LHB Jim Unknown 0-0: Ball
1-0: Ball
2-0: Ball
3-0: Base on Balls
Batting: RHB Stan Newhouse 0-0: Called Strike
0-1: Ball
1-1: Swinging Strike
1-2: Ball
2-2: Ball
3-2: Strikes out swinging
Bottom of the 9th over - 0 runs, 0 hits, 0 errors, 1 left on base; FCL Jacksonville 3 - FCL Philadelphia 1
Friday, May 3rd , 2024 - OOTP Baseball 24.10 Build 82